AoeStats
← Honper

Four Lakes

508930323Analyzed
1v1 RM · 7d ago on Sep 24, 2026· 38m 4s· 2 players
Game mode
Random Map
Map size
Tiny (2 player)
Population
200
Speed
Normal
Resources
Standard
Victory
Conquest
Starting age
Dark Age
Ending age
Imperial Age
RankedLock teamsTeams togetherTeam positionsShared explorationLock speedFull tech treeHidden civsTurbo modeCheats
Victory
Defeat
🇨🇿 Franks · Czechia
827
+15
🇫🇮 Persians · Finland
806
-15
KEINO
11:36 Feudal Age
9:52 Loom
13:07 Double-Bit Axe
15:01 Wheelbarrow
19:03 Castle Age
17:42 Fishing Lines
19:42 Forging
21:05 Bloodlines
20:53 Gillnets
21:10 Gold Mining
21:11 Stone Mining
21:17 Stone Mining
21:40 Bow Saw
28:00 Gold Shaft Mining
27:36 Pikeman
28:49 Hand Cart
29:16 Husbandry
30:44 Fletching
31:00 Scale Barding Armor
Honper
3:28 Loom
10:46 Feudal Age
15:37 Wheelbarrow
15:25 Fletching
22:46 Castle Age
21:26 Scale Barding Armor
22:52 Pikeman
24:14 Double-Bit Axe
26:05 Husbandry
26:17 Forging
30:29 Hand Cart
30:29 Stone Mining
30:30 Gold Mining
32:31 Iron Casting
32:17 Chain Barding Armor
37:56 Imperial Age
Connection lost

Rejoining the realm…

Still unreachable

The connection could not be restored.

Session expired

The server has moved on; the page needs a fresh start.